 Dungeon Sprint DCSS version 0.29-a0-542-g075992c915 (webtiles) character file.

Game seed: 3502555830950351961

532498 mhtbhm the Evening Star (level 23, 0/216 HPs)
             Began as a Meteoran Fighter on June 4, 2022.
             Was an Initiate of Gozag.
             Succumbed to Gloorx Vloq's dark miasma
             ... in the Dungeon (Sprint IX: "|||||||||||||||||||||||||||||").
             The game lasted 00:50:13 (11022 turns).

mhtbhm the Evening Star (Meteoran Fighter)         Turns: 11022, Time: 00:50:14

Health: 0/216      AC: 53    Str: 32    XL:     23   Next: 12%
Magic:  54/55      EV: 28    Int: 14    God:    Gozag
Gold:   3930       SH: 31    Dex: 27    Spells: 54/76 levels left

rFire   + + +      SeeInvis +   d - +9 morningstar (holy)
rCold   + + +      Faith    .   c - +3 tower shield "Zenuamp" {rElec Str+2 Int+3}
rNeg    + . .      Spirit   .   b - +12 gold dragon scales
rPois   +          Reflect  .   p - +0 hat of Honour {Regen+ rCorr}
rElec   +          Harm     .   k - +2 cloak {Will+}
rCorr   +          Rampage  .   t - +2 pair of gloves {Dex+3}
Will    +++..      NoTele   +   n - +2 pair of boots {Stlth+}
Stlth   ++........              N - amulet of Sutiy {Regen+ Str+3 Dex+2 SInv}
HPRegen 2.06/turn               s - ring of Warad {rN+ Dex+8 SInv}
MPRegen 0.34/turn               u - ring "Naveq" {rF+++ rC++ Slay+3 Stlth-}

@: mighty, lethally poisoned (0 -> -26), resistant, on berserk cooldown, hasted
and slowed, glowing, silenced
A: sense surroundings 3, otherworldly, glowing, explore regen, beak, horns 1,
iridescent scales 1, see invisible, fire resistance 1, frail 1, weak 1
}: 11/17 runes: decaying, serpentine, barnacled, slimy, elven, silver, golden,
iron, abyssal, glowing, gossamer
a: Renounce Religion


You were in the Dungeon.
You worshipped Gozag.
Gozag was most pleased with you.
You visited 1 branch You collected 52225 gold pieces.
You spent 7825 gold pieces at shops.
You paid 40470 gold pieces to Gozag.

Inventory:

Hand Weapons
 a - the +7 morningstar of Buipse {flame, rC+}
   (You bought it in a shop in the Dungeon)

   It burns those it strikes, dealing additional fire damage.
   rC:        It protects you from cold.
 d - a +9 morningstar of holy wrath (weapon)
 E - the +4 staff of Dispater
   (You took it off Dispater in the Dungeon)

   It can be evoked to hurl damnation at the cost of health and magic, with
   strength depending on Evocations skill.
Missiles
 I - 2 silver javelins
 K - 2 javelins (quivered)
Armour
 b - +12 gold dragon scales (worn)
 c - the +3 tower shield "Zenuamp" (worn) {rElec Str+2 Int+3}
   (You found it in the Dungeon)

   Str:       It affects your strength (+2).
   Int:       It affects your intelligence (+3).
   rElec:     It insulates you from electricity.
 k - a +2 cloak of willpower (worn)
 m - a +0 pair of boots
 n - a +2 pair of boots of stealth (worn)
 p - the +0 hat of Honour (worn) {Regen+ rCorr}
   (You found it in the Dungeon)

   Regen:     It increases your rate of health regeneration.
   rCorr:     It protects you from acid and corrosion.
 t - a +2 pair of gloves of dexterity (worn)
Jewellery
 s - the ring of Warad (left hand) {rN+ Dex+8 SInv}
   (You found it in the Dungeon)

   [ring of see invisible]

   Dex:       It affects your dexterity (+8).
   rN:        It protects you from negative energy.
   SInv:      It lets you see invisible.
 u - the ring "Naveq" (right hand) {rF+++ rC++ Slay+3 Stlth-}
   (You found it in the Dungeon)

   [ring of slaying]

   Slay:      It affects your accuracy & damage with ranged weapons and melee
   (+3).
   rF:        It renders you almost immune to fire.
   rC:        It greatly protects you from cold.
   Stlth:     It makes you less stealthy.
 D - the ring of Podupheh {rElec Str+3 Dex+6}
   (You bought it in a shop in the Dungeon)

   [ring of dexterity]

   Str:       It affects your strength (+3).
   Dex:       It affects your dexterity (+6).
   rElec:     It insulates you from electricity.
 N - the amulet of Sutiy (around neck) {Regen+ Str+3 Dex+2 SInv}
   (You found it in the Dungeon)

   [amulet of regeneration]

   Str:       It affects your strength (+3).
   Dex:       It affects your dexterity (+2).
   SInv:      It lets you see invisible.
   Regen:     It increases your rate of health regeneration.
Wands
 x - a wand of charming (3)
Scrolls
 j - 7 scrolls of blinking
 o - 4 scrolls of identify
 q - a scroll of enchant armour
 r - a scroll of enchant weapon
 y - a scroll of immolation
 A - a scroll of poison
 B - a scroll of summoning
 F - 2 scrolls of fog
 G - 2 scrolls of fear
Potions
 e - 3 potions of curing
 f - 13 potions of heal wounds
 g - a potion of brilliance
 h - 9 potions of magic
 i - 5 potions of mutation
 l - a potion of berserk rage
 v - 5 potions of haste
 z - a potion of cancellation
 J - a potion of flight
 L - a potion of lignification
 P - a potion of resistance
Miscellaneous
 w - a phantom mirror
 C - the horn of Geryon


   Skills:
 O Level 27 Fighting
 - Level 1.0(1.2) Short Blades
 - Level 1.1(1.3) Long Blades
 - Level 1.1(16.7) Axes
 O Level 27 Maces & Flails
 - Level 1.1(1.6) Polearms
 - Level 1.1(16.7) Staves
 - Level 1.0(16.7) Slings
 - Level 1.0 Bows
 - Level 1.0 Crossbows
 O Level 27 Throwing
 O Level 27 Armour
 O Level 27 Dodging
 O Level 27 Stealth
 O Level 27 Shields
 - Level 1.1 Unarmed Combat
 O Level 27 Spellcasting
 - Level 1.1 Conjurations
 + Level 12.5 Hexes
 + Level 26.6 Summonings
 - Level 1.0 Necromancy
 * Level 18.3 Translocations
 - Level 1.1 Transmutations
 - Level 1.1 Fire Magic
 - Level 1.0 Ice Magic
 - Level 1.1 Air Magic
 - Level 1.1 Earth Magic
 - Level 1.2 Poison Magic
 - Level 1.4 Invocations
 O Level 27 Evocations


You had 54 spell levels left.
You knew the following spells:

 Your Spells              Type           Power      Damage    Failure   Level
a - Summon Small Mammal   Summ           100%       N/A       0%          1
b - Call Canine Familiar  Summ           76%        N/A       0%          3
c - Summon Guardian Gole  Hex/Summ       65%        N/A       0%          3
d - Malign Gateway        Summ/Tloc      34%        N/A       1%          7
e - Summon Horrible Thin  Summ           38%        N/A       1%          8

Your spell library contained the following spells:

 Spells                   Type           Power      Damage    Failure   Level
 Portal Projectile        Hex/Tloc       100%       N/A       1%          3
 Summon Ice Beast         Ice/Summ       55%        N/A       1%          4
 Summon Mana Viper        Hex/Summ       65%        N/A       1%          5
 Monstrous Menagerie      Summ           38%        N/A       1%          7
 Beastly Appendage        Tmut           44%        N/A       5%          1
 Foxfire                  Conj/Fire      88%        2x1d8     5%          1
 Leda's Liquefaction      Hex/Erth       19%        N/A       5%          4
 Wereblood                Tmut           22%        N/A       9%          2
 Spider Form              Tmut/Pois      22%        N/A       16%         3


Dungeon Overview and Level Annotations

Branches:
Dungeon (1/1)

Altars:
Cheibriados
Dithmenos
Elyvilon
Fedhas
Gozag
Hepliaklqana
Kikubaaqudgha
Makhleb
Nemelex Xobeh
Okawaru
Qazlal
Ru
Sif Muna
Trog
Uskayaw
Vehumet
Wu Jian
Xom
Yredelemnul
Zin
The Shining One
Beogh
Jiyva
Lugonu

Shops:
D *=**(?=(:?:?=**[=::(=[

Annotations:
D Antaeus, Ereshkigal, Gloorx Vloq


Innate Abilities, Weirdness & Mutations

You passively map a large area around you.
You are easily found by Zot.
You glow in the dark.
You regain HP and MP as you explore.
You have a beak for a mouth.
You have a pair of small horns on your head.
You are partially covered in iridescent scales. (AC +2)
You have supernaturally acute eyesight. (SInv)
Your flesh is heat resistant. (rF+)
You are frail. (-10% HP)
You are weak. (Str -2)


Message History

You headbutt Antaeus, but do no damage.
Antaeus is heavily wounded.
You are engulfed in dark miasma.
You are more poisoned.
* * * LOW HITPOINT WARNING * * *
You feel very sick.
Gloorx Vloq calls on the powers of darkness!
Your body is wracked with pain!
* * * LOW HITPOINT WARNING * * *
Unknown command.
Unknown command.
Press: ? - help, v - describe, . - travel
Here: Antaeus (foul pestilence, silenced, heavily wounded, unaffected by silence, ally target)
A broken door, spattered with blood.
You swap places.
You are engulfed in dark miasma.
You are more poisoned.
You feel as though you will be slow longer.
* * * LOW HITPOINT WARNING * * *
You feel extremely sick. Ereshkigal gestures at you.
The bolt of cold hits Antaeus!
Antaeus resists.
The bolt of cold hits your guardian golem!
Your guardian golem resists.
The bolt of cold hits you. You resist.
* * * LOW HITPOINT WARNING * * *
Antaeus hits your guardian golem! Antaeus freezes your guardian golem!!
Your guardian golem resists.
Your guardian golem is destroyed!
Your guardian golem disappears in a puff of smoke!
There is an open door to Hell & Pan, spattered with blood here.
Unknown command.
You feel a strong urge to attack something.
You are engulfed in dark miasma.
You are lethally poisoned!
* * * LOW HITPOINT WARNING * * *
You are no longer berserk.
You are exhausted.
You feel as though you will be slow longer.
You die...
Your body crumbles into a pile of gold.

.▓.▓'▓.▓.▓.▓.▓.▓1▓
.▓.▓.▓.▓.▓.▓'▓.▓&▓
.▓.▓.▓.▓.▓.▓.▓.▓1▓
.▓.▓.▓.▓.▓.▓.▓.▓1▓
)▓.▓.▓.▓.▓.▓.▓.▓&▓
)▓.▓.▓.▓.▓.▓.▓.▓C▓
)▓.▓.▓.▓.▓.▓.▓.▓°▓
'▓.▓.▓.▓.▓.▓.▓.▓°▓
.▓.▓.▓.▓'▓.▓.▓.▓@▓
.▓.▓.▓.▓.▓.▓.▓.▓.▓
.▓.▓.▓.▓.▓.▓.▓.▓)▓
.▓.▓)▓.▓.▓.▓'▓.▓.▓
[▓.▓)▓.▓.▓.▓.▓.▓.▓
)▓.▓.▓.▓)▓.▓.▓.▓.▓
)▓.▓.▓.▓)▓.▓.▓.▓.▓
[▓.▓'▓.▓)▓.▓.▓.▓.▓
'▓.▓.▓.▓)▓.▓.▓.▓.▓


You could see Antaeus (unsilenced, unaware), Gloorx Vloq (unsilenced),
Ereshkigal (silencing, unsilenced) and 2 Executioners.

Vanquished Creatures
  Cerebov (D)
  the Royal Jelly (D)
  Mnoleg (D)
  Dispater (D)
  5 ancient liches (D)
  5 orbs of fire (D)
  Sojobo (D)
  6 royal mummies (D)
  Boris (D)
  Frederick (D)
  Margery (D)
  A curse toe (D)
  Xtahua (D)
  A caustic shrike (D)
  Geryon (D)
  A golden dragon (D)
  An electric golem (D)
  2 tentacled monstrosities (D)
  26 Orb Guardians (D)
  A deep elf master archer (D)
  5 liches (D)
  2 quicksilver dragons (D)
  2 deep elf blademasters (D)
  A titan (D)
  10 acid blobs (D)
  3 death cobs (D)
  13 sphinxes (D)
  6 shadow dragons (D)
  3 tengu reavers (D)
  6 storm dragons (D)
  4 draconian monks (D)
  4 nagarajas (D)
  Ilsuiw (D)
  4 rockslimes (D)
  A fire giant (D)
  7 azure jellies (D)
  2 frost giants (D)
  4 vault wardens (D)
  4 deep elf sorcerers (D)
  3 draconian scorchers (D)
  2 draconian shifters (D)
  7 emperor scorpions (D)
  Louise (D)
  3 ghost moths (D)
  An ironbound preserver (D)
  2 draconian stormcallers (D)
  Aizul (D)
  6 very ugly things (D)
  A draconian annihilator (D)
  3 ironbound thunderhulks (D)
  A quicksilver ooze (D)
  4 deep elf demonologists (D)
  3 green draconians (D)
  3 red draconians (D)
  7 vampire knights (D)
  An eleionoma (D)
  A bunyip (D)
  12 stone giants (D)
  2 white draconians (D)
  2 deep elf annihilators (D)
  Nessos (D)
  3 black draconians (D)
  3 yellow draconians (D)
  4 deep elf death magi (D)
  6 purple draconians (D)
  2 ettins (D)
  Snorg (D)
  3 merfolk javelineers (D)
  3 merfolk impalers (D)
  6 mummy priests (D)
  A deep elf high priest (D)
  3 fire dragons (D)
  2 great orbs of eyes (D)
  25 vault guards (D)
  An ironbound frostheart (D)
  Josephine (D)
  4 boulder beetles (D)
  An anaconda (D)
  2 centaur warriors (D)
  4 ice dragons (D)
  4 naga warriors (D)
  A merfolk avatar (D)
  5 hydras (D)
  A ghost crab (D)
  A satyr (D)
  A two-headed ogre (D)
  A spriggan air mage (D)
  A deep troll shaman (D)
  5 merfolk aquamancers (D)
  7 death yaks (D)
  2 tengu warriors (D)
  An alligator (D)
  A vampire mage (D)
  A shock serpent (D)
  3 hell knights (D)
  A wretched star (D)
  A goliath frog (D)
  8 swamp dragons (D)
  A flayed ghost (D)
  A sea snake (D)
  A glowing orange brain (D)
  3 ironbound convokers (D)
  A steelbarb worm (D)
  2 phantasmal warriors (D)
  A wizard (D)
  4 orc knights (D)
  3 necromancers (D)
  6 orc sorcerers (D)
  An ugly thing (D)
  2 wolf spiders (D)
  A salamander (D)
  A slime creature (D)
  A manticore (D)
  A merfolk siren (D)
  12 moths of wrath (D)
  A cyclops (shapeshifter) (D)
  Joseph (D)
  2 vault sentinels (D)
  Maurice (D)
  5 black mambas (D)
  2 cane toads (D)
  A smoke demon (D)
  A naga mage (D)
  A guardian serpent (D)
  A demonic crawler (D)
  A freezing wraith (D)
  2 rime drakes (D)
  An efreet (D)
  A komodo dragon (D)
  A yaktaur (D)
  2 ancient zymes (D)
  A wandering mushroom (D)
  16 guardian mummies (D)
  A troll (D)
  4 merfolk (D)
  A tarantella (D)
  A hornet (D)
  A snapping turtle (D)
  12 spriggans (D)
  2 jumping spiders (D)
  A wyvern (D)
  5 wraiths (D)
  A basilisk (D)
  4 yaks (D)
  A fire bat (shapeshifter) (D)
  3 redbacks (D)
  Eustachio (D)
  2 acid dragons (D)
  2 vampire mosquitoes (D)
  5 nagas (D)
  A water moccasin (D)
  2 floating eyes (D)
  A small abomination (D)
  2 swamp drakes (D)
  12 orc warriors (D)
  2 wolves (D)
  A gnoll sergeant (D)
  3 bullfrogs (D)
  A killer bee (D)
  A howler monkey (D)
  A jelly (D)
  A quasit (D)
  2 orc priests (D)
  11 orc wizards (D)
  2 white imps (D)
  3 ufetubi (D)
  7 orcs (D)
  A ball python (D)
  An endoplasm (D)
  A hobgoblin (D)
  2 kobolds (D)
  A fire vortex (D)
517 creatures vanquished.

Vanquished Creatures (collateral kills)
  A tarantella (shapeshifter) (D)
1 creature vanquished.

Vanquished Creatures (others)
  A shambling mangrove (D)
  A fire dragon (D)
  A hydra (D)
  A spriggan druid (D)
  A bloated husk (D)
5 creatures vanquished.

Grand Total: 523 creatures vanquished

Notes
Turn   | Place    | Note
-------+----------+-------------------------------------------
     0 | D        | mhtbhm the Meteoran Fighter began the quest for the Orb.
     0 | D        | Reached XP level 1. HP: 19/19 MP: 2/2
    18 | D        | Reached XP level 2. HP: 21/27 MP: 3/3
    77 | D        | Noticed a howler monkey
    77 | D        | Noticed a jelly
    83 | D        | Reached skill level 5 in Shields
    83 | D        | Reached XP level 3. HP: 23/34 MP: 4/4
    84 | D        | Reached skill level 5 in Armour
    86 | D        | Reached skill level 5 in Fighting
    86 | D        | Reached XP level 4. HP: 24/42 MP: 5/5
    87 | D        | Reached skill level 1 in Dodging
    87 | D        | Reached XP level 5. HP: 29/50 MP: 6/6
    93 | D        | Found a snail-covered altar of Cheibriados.
    93 | D        | Found a shadowy altar of Dithmenos.
    93 | D        | Found a white marble altar of Elyvilon.
    93 | D        | Found a blossoming altar of Fedhas.
    93 | D        | Found an opulent altar of Gozag.
    94 | D        | Found a hazy altar of Hepliaklqana.
    95 | D        | Found a viscous altar of Jiyva.
    96 | D        | Found an ancient bone altar of Kikubaaqudgha.
    97 | D        | Found a corrupted altar of Lugonu.
    98 | D        | Found a burning altar of Makhleb.
    99 | D        | Found a sparkling altar of Nemelex Xobeh.
   100 | D        | Found an iron altar of Okawaru.
   101 | D        | Found a stormy altar of Qazlal.
   102 | D        | Found a sacrificial altar of Ru.
   103 | D        | Found a shimmering blue altar of Sif Muna.
   104 | D        | Found a bloodstained altar of Trog.
   105 | D        | Found a hide-covered altar of Uskayaw.
   106 | D        | Found a radiant altar of Vehumet.
   121 | D        | Became a worshipper of Gozag Ym Sagoz the Greedy
   128 | D        | Found an ornate altar of the Wu Jian Council.
   129 | D        | Found a shimmering altar of Xom.
   130 | D        | Found a basalt altar of Yredelemnul.
   131 | D        | Found a glowing silver altar of Zin.
   132 | D        | Found a glowing golden altar of the Shining One.
   173 | D        | Noticed an acid dragon
   173 | D        | Noticed an orc warrior
   173 | D        | Noticed a gnoll sergeant
   173 | D        | Noticed a vampire mosquito
   173 | D        | Noticed a wraith
   180 | D        | Killed a wraith
   181 | D        | Reached XP level 6. HP: 61/61 MP: 7/7
   183 | D        | Killed a vampire mosquito
   184 | D        | Reached XP level 7. HP: 39/69 MP: 8/8
   187 | D        | Reached skill level 10 in Armour
   189 | D        | Killed an acid dragon
   190 | D        | Reached skill level 1 in Evocations
   190 | D        | Reached XP level 8. HP: 15/78 MP: 9/9
   504 | D        | Noticed a two-headed ogre
   504 | D        | Noticed a centaur warrior
   504 | D        | Noticed a basilisk
   504 | D        | Noticed a troll
   504 | D        | Noticed a komodo dragon
   504 | D        | Noticed a basilisk
   513 | D        | Killed a komodo dragon
   514 | D        | Reached skill level 10 in Fighting
   514 | D        | Reached skill level 10 in Maces & Flails
   514 | D        | Reached skill level 10 in Shields
   514 | D        | Killed a basilisk
   525 | D        | Killed a troll
   526 | D        | Gained mutation: You passively map the area around you.
                  | [Meteoran growth]
   526 | D        | Reached XP level 9. HP: 47/86 MP: 10/10
   532 | D        | Reached skill level 5 in Dodging
   540 | D        | Killed a centaur warrior
   553 | D        | Killed a two-headed ogre
   554 | D        | Reached skill level 5 in Evocations
   554 | D        | Reached XP level 10. HP: 39/96 MP: 11/11
   857 | D        | Noticed an eight-headed hydra
   862 | D        | Noticed a boulder beetle
   863 | D        | Noticed a cane toad
   866 | D        | Killed an eight-headed hydra
  1166 | D        | Killed a boulder beetle
  1167 | D        | Reached skill level 15 in Maces & Flails
  1173 | D        | Killed a cane toad
  1174 | D        | Reached skill level 1 in Stealth
  1174 | D        | Reached XP level 11. HP: 54/105 MP: 12/12
  1313 | D        | Noticed a black mamba
  1401 | D        | Noticed a four-headed hydra
  1419 | D        | Killed a four-headed hydra
  1421 | D        | Killed a black mamba
  1743 | D        | Noticed a death yak
  1743 | D        | Noticed a death yak
  1743 | D        | Noticed a death yak
  1743 | D        | Noticed a death yak
  1743 | D        | Noticed a death yak
  1751 | D        | Noticed a death yak
  1752 | D        | Killed a death yak
  1753 | D        | Noticed a death yak
  1755 | D        | Reached skill level 15 in Armour
  1759 | D        | Killed a death yak
  1767 | D        | Killed a death yak
  1774 | D        | Killed a death yak
  1775 | D        | Reached XP level 12. HP: 89/118 MP: 13/13
  1783 | D        | Killed a death yak
  2160 | D        | Killed a death yak
  2161 | D        | Reached skill level 10 in Dodging
  2170 | D        | Killed a death yak
  2171 | D        | Reached skill level 15 in Fighting
  2260 | D        | Noticed Maurice
  2270 | D        | Killed Maurice
  2301 | D        | Noticed Josephine
  2314 | D        | Killed Josephine
  2362 | D        | Noticed a stone giant
  2375 | D        | Killed a stone giant
  2533 | D        | Noticed an orc knight
  2546 | D        | Killed an orc knight
  2733 | D        | Found Jaggoy's Assorted Antiques.
  2744 | D        | Reached XP level 13. HP: 130/130 MP: 14/14
  2744 | D        | Found Bowouf's General Store.
  2754 | D        | Found Cipoopap's Jewellery Boutique.
  2761 | D        | Found Vypheb's General Store.
  2833 | D        | Bought a potion of haste for 140 gold pieces
  2833 | D        | Bought a phantom mirror for 560 gold pieces
  2833 | D        | Bought a scroll of blinking for 105 gold pieces
  2837 | D        | Bought a potion of mutation for 104 gold pieces
  2839 | D        | Bought a twisted ivory wand for 112 gold pieces
  2839 | D        | Bought a scroll labelled VAKHUF GEEPLO for 28 gold pieces
  2905 | D        | Noticed Eustachio
  2912 | D        | Killed Eustachio
  3011 | D        | Bought a scroll of enchant armour for 97 gold pieces
  3011 | D        | Bought a scroll of summoning for 123 gold pieces
  3011 | D        | Bought a scroll of brand weapon for 260 gold pieces
  3013 | D        | Bought the ring of Podupheh {rElec Str+3 Dex+6} for 866
                  | gold pieces
  3013 | D        | Bought the amulet of Hesijub {rElec Regen+} for 484 gold
                  | pieces
  3021 | D        | Noticed an eight-headed hydra
  3021 | D        | Noticed a boulder beetle
  3021 | D        | Noticed a boulder beetle
  3165 | D        | Noticed a lich
  3168 | D        | Noticed a stone giant
  3171 | D        | Killed a lich
  3172 | D        | Reached skill level 15 in Shields
  3177 | D        | Killed a boulder beetle
  3196 | D        | Killed an eight-headed hydra
  3198 | D        | Killed a boulder beetle
  3199 | D        | Noticed an ettin
  3200 | D        | Killed a stone giant
  3323 | D        | Killed an ettin
  3342 | D        | Noticed a red very ugly thing
  3342 | D        | Noticed a stone giant
  3344 | D        | Noticed a stone giant
  3345 | D        | Bought a runed morningstar for 238 gold pieces
  3359 | D        | Killed a red very ugly thing
  3360 | D        | Reached skill level 5 in Stealth
  3367 | D        | Killed a stone giant
  3373 | D        | Killed a stone giant
  3503 | D        | Noticed Snorg
  3514 | D        | Killed Snorg
  3568 | D        | Noticed an eight-headed hydra
  3568 | D        | Noticed a ghost crab
  3568 | D        | Noticed an alligator
  3568 | D        | Noticed a bunyip
  3569 | D        | Noticed a shambling mangrove
  3573 | D        | Killed an eight-headed hydra
  3576 | D        | Noticed an eleionoma
  3584 | D        | Killed a bunyip
  3584 | D        | Killed an alligator
  3619 | D        | Killed an eleionoma
  3620 | D        | Reached XP level 14. HP: 113/147 MP: 15/15
  3870 | D        | Bought a brightly glowing morningstar for 333 gold pieces
  3870 | D        | Identified the +7 morningstar of Buipse {flame, rC+} (You
                  | bought it in a shop in the Dungeon)
  3988 | D        | Noticed an emperor scorpion
  3988 | D        | Noticed an emperor scorpion
  3995 | D        | Killed an emperor scorpion
  3998 | D        | Noticed an emperor scorpion
  4008 | D        | Killed an emperor scorpion
  4023 | D        | Killed an emperor scorpion
  4209 | D        | Noticed a merfolk impaler
  4231 | D        | Killed a merfolk impaler
  4232 | D        | Noticed a merfolk javelineer
  4285 | D        | Killed a merfolk javelineer
  4400 | D        | Noticed Joseph
  4407 | D        | Killed Joseph
  4478 | D        | Noticed a stone giant
  4478 | D        | Noticed a stone giant
  4479 | D        | Noticed a brown very ugly thing
  4495 | D        | Killed a stone giant
  4496 | D        | Reached skill level 10 in Evocations
  4501 | D        | Killed a stone giant
  4502 | D        | Noticed a fire dragon
  4505 | D        | Reached XP level 15. HP: 145/160 MP: 16/16
  4508 | D        | Killed a brown very ugly thing
  4509 | D        | Noticed a stone giant
  4519 | D        | Noticed a frost giant
  4525 | D        | Noticed a stone giant
  4532 | D        | Noticed a stone giant
  4541 | D        | Noticed a stone giant
  4544 | D        | Killed a stone giant
  4545 | D        | Noticed a frost giant
  4549 | D        | Killed a frost giant
  4557 | D        | Killed a stone giant
  4564 | D        | Killed a stone giant
  4572 | D        | Killed a stone giant
  4577 | D        | Killed a frost giant
  4628 | D        | Noticed a vault warden
  4628 | D        | Noticed a vault warden
  4628 | D        | Noticed a vault warden
  4632 | D        | Killed a vault warden
  4644 | D        | Killed a vault warden
  4662 | D        | Killed a vault warden
  4676 | D        | Reached skill level 27 in Maces & Flails
  4683 | D        | Reached skill level 1 in Throwing
  4702 | D        | Noticed a green very ugly thing
  4708 | D        | Noticed an ironbound thunderhulk
  4709 | D        | Noticed an ironbound thunderhulk
  4712 | D        | Noticed an ironbound preserver
  4716 | D        | Killed a green very ugly thing
  4818 | D        | Killed an ironbound thunderhulk
  4834 | D        | Killed an ironbound thunderhulk
  4867 | D        | Noticed a royal mummy
  4867 | D        | Noticed a green draconian
  4875 | D        | Killed a royal mummy
  4876 | D        | Reached skill level 5 in Throwing
  4876 | D        | Reached XP level 16. HP: 163/178 MP: 17/17
  5020 | D        | Noticed Boris
  5034 | D        | Killed Boris
  5035 | D        | Reached skill level 10 in Stealth
  5182 | D        | Got the +0 hat of Honour {Regen+ rCorr}
  5300 | D        | Noticed Xtahua
  5315 | D        | Killed Xtahua
  5378 | D        | Reached skill level 27 in Fighting
  5406 | D        | Got a decaying rune of Zot
  5439 | D        | Noticed Ilsuiw
  5474 | D        | Killed Ilsuiw
  5519 | D        | Got a barnacled rune of Zot
  5550 | D        | Noticed a nagaraja
  5550 | D        | Noticed a nagaraja
  5551 | D        | Noticed a nagaraja
  5556 | D        | Killed a nagaraja
  5559 | D        | Killed a nagaraja
  5563 | D        | Reached XP level 17. HP: 159/191 MP: 18/18
  5565 | D        | Killed a nagaraja
  5566 | D        | Noticed a nagaraja
  5579 | D        | Killed a nagaraja
  5597 | D        | Got a serpentine rune of Zot
  5693 | D        | Got a gossamer rune of Zot
  5794 | D        | Noticed Nessos
  5796 | D        | Noticed Margery
  5800 | D        | Reached skill level 10 in Throwing
  5804 | D        | Killed Nessos
  5816 | D        | Killed Margery
  5880 | D        | Noticed Louise
  5905 | D        | Killed Louise
  6141 | D        | Reached skill level 15 in Stealth
  6210 | D        | Reached skill level 27 in Shields
  6215 | D        | Gained mutation: You passively map a large area around you.
                  | [Meteoran growth]
  6215 | D        | Reached XP level 18. HP: 200/200 MP: 19/19
  6238 | D        | Noticed a tentacled monstrosity
  6261 | D        | Noticed a Hell Sentinel
  6270 | D        | Killed a tentacled monstrosity
  6287 | D        | Noticed a lich
  6298 | D        | Reached skill level 27 in Armour
  6313 | D        | Killed a lich
  6425 | D        | Noticed a tentacled monstrosity
  6425 | D        | Noticed a sphinx
  6432 | D        | Noticed a titan
  6433 | D        | Killed a tentacled monstrosity
  6434 | D        | Reached skill level 15 in Throwing
  6437 | D        | Killed a sphinx
  6438 | D        | Noticed a lich
  6477 | D        | Killed a titan
  6490 | D        | Killed a lich
  6492 | D        | Got a silver rune of Zot
  6577 | D        | Noticed Frederick
  6591 | D        | Killed Frederick
  6668 | D        | Got the ring of Warad {rN+ Dex+8 SInv}
  6670 | D        | Got the ring "Naveq" {rF+++ rC++ Slay+3 Stlth-}
  6674 | D        | Got the ring "Suolusch" {Will+ AC+3}
  6676 | D        | Got the amulet of Sutiy {Regen+ Str+3 Dex+2 SInv}
  6721 | D        | Got the +3 tower shield "Zenuamp" {rElec Str+2 Int+3}
  6814 | D        | Noticed Sojobo
  6823 | D        | Paralysed by an air elemental for 1 turns
  6827 | D        | Paralysed by an air elemental for 1 turns
  6843 | D        | Killed Sojobo
  6903 | D        | Noticed Aizul
  6909 | D        | Killed Aizul
  6935 | D        | Noticed a caustic shrike
  6960 | D        | Killed a caustic shrike
  7008 | D        | Reached XP level 19. HP: 207/207 MP: 20/20
  7530 | D        | Noticed a quicksilver dragon
  7535 | D        | Killed a quicksilver dragon
  7540 | D        | Noticed a curse toe
  7566 | D        | Killed a curse toe
  7989 | D        | Noticed an Orb Guardian
  7989 | D        | Noticed an Orb Guardian
  7989 | D        | Noticed an Orb Guardian
  7989 | D        | Noticed an Orb Guardian
  7989 | D        | Noticed an Orb Guardian
  7989 | D        | Noticed an Orb Guardian
  7995 | D        | Killed an Orb Guardian
  7998 | D        | Killed an Orb Guardian
  8001 | D        | Killed an Orb Guardian
  8002 | D        | Noticed an Orb Guardian
  8003 | D        | Noticed an Orb Guardian
  8007 | D        | Killed an Orb Guardian
  8008 | D        | Reached skill level 27 in Stealth
  8008 | D        | Noticed an Orb Guardian
  8011 | D        | Killed an Orb Guardian
  8013 | D        | Noticed an Orb Guardian
  8016 | D        | Killed an Orb Guardian
  8021 | D        | Killed an Orb Guardian
  8024 | D        | Killed an Orb Guardian
  8030 | D        | Killed an Orb Guardian
  8031 | D        | Reached XP level 20. HP: 216/216 MP: 21/21
  8034 | D        | Killed an Orb Guardian
  8060 | D        | Noticed an Orb Guardian
  8060 | D        | Noticed an Orb Guardian
  8061 | D        | Noticed an Orb Guardian
  8075 | D        | Noticed an Orb Guardian
  8081 | D        | Killed an Orb Guardian
  8087 | D        | Killed an Orb Guardian
  8105 | D        | Killed an Orb Guardian
  8106 | D        | Reached skill level 27 in Throwing
  8107 | D        | Killed an Orb Guardian
  8108 | D        | Reached skill level 1 in Short Blades
  8108 | D        | Reached skill level 1 in Long Blades
  8108 | D        | Reached skill level 1 in Axes
  8108 | D        | Reached skill level 1 in Polearms
  8108 | D        | Reached skill level 1 in Staves
  8108 | D        | Reached skill level 1 in Slings
  8108 | D        | Reached skill level 1 in Bows
  8108 | D        | Reached skill level 1 in Crossbows
  8108 | D        | Reached skill level 1 in Unarmed Combat
  8108 | D        | Reached skill level 1 in Spellcasting
  8108 | D        | Reached skill level 1 in Conjurations
  8108 | D        | Reached skill level 1 in Hexes
  8108 | D        | Reached skill level 1 in Summonings
  8108 | D        | Reached skill level 1 in Necromancy
  8108 | D        | Reached skill level 1 in Translocations
  8108 | D        | Reached skill level 1 in Transmutations
  8108 | D        | Reached skill level 1 in Fire Magic
  8108 | D        | Reached skill level 1 in Ice Magic
  8108 | D        | Reached skill level 1 in Air Magic
  8108 | D        | Reached skill level 1 in Earth Magic
  8108 | D        | Reached skill level 1 in Poison Magic
  8108 | D        | Reached skill level 1 in Invocations
  8127 | D        | Noticed an ancient lich
  8135 | D        | Killed an ancient lich
  8178 | D        | Noticed an orb of fire
  8178 | D        | Gained mutation: You have supernaturally acute eyesight.
                  | (SInv) [an orb of fire]
  8179 | D        | Gained mutation: You are dopey. (Int -2) [an orb of fire]
  8190 | D        | Killed an orb of fire
  8196 | D        | Noticed an electric golem
  8207 | D        | Killed an electric golem
  8214 | D        | Noticed an orb of fire
  8220 | D        | Gained mutation: You are weak. (Str -2) [an orb of fire]
  8226 | D        | Noticed an orb of fire
  8228 | D        | Gained mutation: Armour fits poorly on your strangely
                  | shaped body. [an orb of fire]
  8229 | D        | Killed an orb of fire
  8240 | D        | Noticed a golden dragon
  8241 | D        | Noticed an ancient lich
  8241 | D        | Lost mutation: You are dopey. (Int -2) [an orb of fire]
  8251 | D        | Noticed an orb of fire
  8253 | D        | Gained mutation: You are frail. (-10% HP) [an orb of fire]
  8254 | D        | Gained mutation: You sometimes lose the ability to read
                  | scrolls when taking damage. [an orb of fire]
  8256 | D        | Killed an orb of fire
  8259 | D        | Killed an orb of fire
  8260 | D        | Noticed an ancient lich
  8261 | D        | Noticed an orb of fire
  8264 | D        | Killed an ancient lich
  8273 | D        | Killed an ancient lich
  8289 | D        | Gained mutation: Your magical capacity is low. (-10% MP)
                  | [an orb of fire]
  8291 | D        | Killed an orb of fire
  8293 | D        | Killed a golden dragon
  8294 | D        | Reached skill level 5 in Spellcasting
  8294 | D        | Reached skill level 27 in Evocations
  8609 | D        | Lost mutation: You sometimes lose the ability to read
                  | scrolls when taking damage. [potion of mutation]
  8609 | D        | Lost mutation: Armour fits poorly on your strangely shaped
                  | body. [potion of mutation]
  8609 | D        | Lost mutation: Your magical capacity is low. (-10% MP)
                  | [potion of mutation]
  8609 | D        | Gained mutation: You have a beak for a mouth. [potion of
                  | mutation]
  8609 | D        | Gained mutation: Your flesh is heat resistant. (rF+)
                  | [potion of mutation]
  8609 | D        | Gained mutation: You have a pair of small horns on your
                  | head. [potion of mutation]
  8609 | D        | Gained mutation: You are partially covered in iridescent
                  | scales. (AC +2) [potion of mutation]
  8620 | D        | Noticed an Orb Guardian
  8620 | D        | Noticed an Orb Guardian
  8620 | D        | Noticed an Orb Guardian
  8620 | D        | Noticed an Orb Guardian
  8620 | D        | Noticed an Orb Guardian
  8620 | D        | Noticed an Orb Guardian
  8623 | D        | Killed an Orb Guardian
  8627 | D        | Killed an Orb Guardian
  8628 | D        | Reached XP level 21. HP: 201/201 MP: 31/34
  8637 | D        | Reached skill level 15 in Dodging
  8637 | D        | Reached skill level 10 in Spellcasting
  8800 | D        | Noticed an ancient lich
  8806 | D        | Noticed an ancient lich
  8807 | D        | Reached skill level 15 in Spellcasting
  8813 | D        | Killed an ancient lich
  8820 | D        | Killed an ancient lich
  9026 | D        | Noticed a Hell Sentinel
  9084 | D        | Got an elven rune of Zot
  9249 | D        | Noticed the Royal Jelly
  9276 | D        | Killed the Royal Jelly
  9277 | D        | Reached skill level 27 in Dodging
  9277 | D        | Reached XP level 22. HP: 170/209 MP: 50/52
  9408 | D        | Reached skill level 27 in Spellcasting
  9413 | D        | Reached skill level 5 in Summonings
  9425 | D        | Got a slimy rune of Zot
  9431 | D        | Bought a scroll of magic mapping for 45 gold pieces
  9431 | D        | Bought a scroll of enchant armour for 97 gold pieces
  9431 | D        | Bought a scroll of identify for 26 gold pieces
  9438 | D        | Bought a book of Callings for 440 gold pieces
  9446 | D        | Learned a level 1 spell: Summon Small Mammal
  9450 | D        | Learned a level 3 spell: Call Canine Familiar
  9454 | D        | Learned a level 3 spell: Summon Guardian Golem
  9544 | D        | Reached skill level 5 in Hexes
  9551 | D        | Reached skill level 10 in Summonings
  9563 | D        | Reached skill level 10 in Hexes
  9604 | D        | Bought a Grand Grimoire for 680 gold pieces
  9612 | D        | Learned a level 7 spell: Malign Gateway
  9621 | D        | Learned a level 8 spell: Summon Horrible Things
  9626 | D        | Bought a book of Beasts for 836 gold pieces
  9626 | D        | Bought the Collected Works on Blistering Illusion for 440
                  | gold pieces
  9648 | D        | Reached skill level 15 in Summonings
  9750 | D        | Bought a pair of embroidered gloves for 127 gold pieces
  9750 | D        | Bought a pair of embroidered gloves for 127 gold pieces
  9765 | D        | Bought a pair of glowing boots for 397 gold pieces
  9765 | D        | Bought a bone wand for 212 gold pieces
  9765 | D        | Bought a potion of might for 212 gold pieces
  9765 | D        | Bought a pink potion for 47 gold pieces
  9765 | D        | Bought a scroll labelled JIAZUDYISM for 53 gold pieces
  9770 | D        | Bought a scroll of blinking for 322 gold pieces
  9774 | D        | Bought a scroll of fog for 22 gold pieces
 10150 | D        | Noticed a royal mummy
 10150 | D        | Noticed a royal mummy
 10152 | D        | Noticed a royal mummy
 10158 | D        | Killed a royal mummy
 10239 | D        | Killed a royal mummy
 10244 | D        | Killed a royal mummy
 10424 | D        | Noticed a royal mummy
 10441 | D        | Killed a royal mummy
 10464 | D        | Noticed a royal mummy
 10475 | D        | Killed a royal mummy
 10486 | D        | Got a golden rune of Zot
 10536 | D        | Got an abyssal rune of Zot
 10678 | D        | Noticed Geryon
 10688 | D        | Killed Geryon
 10697 | D        | Bought a pair of runed boots for 292 gold pieces
 10710 | D        | Noticed Mnoleg
 10710 | D        | Found the +4 staff of Dispater
 10710 | D        | Noticed Dispater
 10760 | D        | Paralysed by a floating eye for 2 turns
 10778 | D        | Killed Mnoleg
 10801 | D        | Killed Dispater
 10884 | D        | Found the +6 sword of Cerebov {flame}
 10884 | D        | Noticed Cerebov
 10913 | D        | Killed Cerebov
 10914 | D        | Reached XP level 23. HP: 216/216 MP: 55/55
 10917 | D        | Noticed Antaeus
 10977 | D        | Got an iron rune of Zot
 10981 | D        | Got a glowing rune of Zot
 10983 | D        | Noticed Ereshkigal
 11005 | D        | Noticed Gloorx Vloq
 11022 | D        | HP: 13/324 [Gloorx Vloq] (10)]
 11022 | D        | Succumbed to Gloorx Vloq's dark miasma

Illustrated notes

Levels and vault maps discovered:
D:        linesprint [early_d, line_temple, items_1, d_10, items_2, lair_1,
          lair_end, items_3, orc_1, orc_end, items_4, d_15, swamp_1, shoals_1,
          snake_1, spider_1, d_20, vaults_1, items_5, swamp_end, shoals_end,
          snake_end, spider_end, vaults_end, d_27, items_6, zot_1, zot_end,
          crypt_end, forest_end, elf_end, slime_end, tomb_end, abyss_end,
          pan_hell_end]

Skill      XL: |  1  2  3  4  5  6  7  8  9 10 11 12 13 14 15 16 17 18 19 20 21 22 |
---------------+-------------------------------------------------------------------+-----
Armour         | 4 6 8 9 10 12 13 14 15 16 17 19 21 25 27 | 27.0
Shields        | 4 5 6 8 9 10 12 13 14 15 17 19 23 27 | 27.0
Maces & Flails | 3 4 6 7 9 11 13 16 19 21 23 25 27 | 27.0
Fighting       | 4 5 6 7 8 9 10 11 12 14 16 19 22 25 27 | 27.0
Dodging        | 1 2 3 4 7 8 9 10 11 14 27 | 27.0
Evocations     | 1 3 5 6 8 10 11 27 | 27.0
Stealth        | 1 2 4 5 6 9 12 15 21 27 | 27.0
Throwing       | 5 8 12 19 24 27 | 27.0
Short Blades   | 1 |  1.0
Long Blades    | 1 |  1.1
Axes           | 1 |  1.1
Polearms       | 1 |  1.1
Staves         | 1 |  1.1
Slings         | 1 |  1.0
Bows           | 1 |  1.0
Crossbows      | 1 |  1.0
Unarmed Combat | 1 |  1.1
Spellcasting   | 8 25 27 | 27.0
Conjurations   | 1 |  1.1
Hexes          | 1 12 | 12.5
Summonings     | 1 26 | 26.6
Necromancy     | 1 |  1.0
Translocations | 1 18 | 18.3
Transmutations | 1 |  1.1
Fire Magic     | 1 |  1.1
Ice Magic      | 1 |  1.0
Air Magic      | 1 |  1.1
Earth Magic    | 1 |  1.1
Poison Magic   | 1 |  1.2
Invocations    | 1 |  1.4

Action                   |  1- 3 |  4- 6 |  7- 9 | 10-12 | 13-15 | 16-18 | 19-21 | 22-24 || total
-------------------------+-------+-------+-------+-------+-------+-------+-------+-------++-------
Melee: Flail             |    20 |     1 |       |       |       |       |       |       ||    21
       Morningstar       |       |     9 |    37 |   250 |   433 |   619 |   590 |   284 ||  2222
       Peck              |       |       |       |       |       |       |    60 |   111 ||   171
       Headbutt          |       |       |       |       |       |       |    56 |   107 ||   163
Throw: Boomerang         |       |       |       |       |     8 |       |       |       ||     8
       Javelin           |       |       |       |       |     1 |    18 |    11 |     6 ||    36
 Cast: Call Canine Famil |       |       |       |       |       |       |       |     1 ||     1
       Summon Horrible T |       |       |       |       |       |       |       |     1 ||     1
       Summon Guardian G |       |       |       |       |       |       |       |     1 ||     1
Invok: Call Merchant     |       |       |       |       |     4 |       |       |    14 ||    18
       Potion Petition   |       |       |       |       |     5 |     1 |     2 |     4 ||    12
Evoke: Wand              |       |       |    10 |       |    17 |       |       |       ||    27
       Phantom mirror    |       |       |       |       |     5 |       |       |     1 ||     6
  Use: Potion            |     1 |     1 |     5 |       |     2 |     1 |     2 |    11 ||    23
       Scroll            |       |       |       |       |     4 |    20 |       |     8 ||    32
 Stab: Distracted        |       |       |       |     5 |    11 |    16 |    21 |     8 ||    61
Armor: Scale mail        |    13 |     1 |    16 |    32 |       |       |       |       ||    62
       Plate armour      |       |       |       |     2 |   148 |    10 |       |       ||   160
       Gold dragon scale |       |       |       |       |       |   195 |    93 |    29 ||   317
Dodge: Dodged            |     5 |     9 |    24 |    45 |    97 |   117 |    78 |    40 ||   415
Block: Buckler           |     6 |     1 |    25 |    34 |    97 |    78 |       |       ||   241
       Tower shield      |       |       |       |       |       |   188 |   399 |   187 ||   774

Table legend: (Time is in decaauts) A = Elapsed time spent in this place. B = Non-inter-level travel time spent in this place. C = Inter-level travel time spent in this place. D = Time resting spent in this place. E = Time spent auto-exploring this place. F = Levels seen in this place. G = Mean time per level. A B C D E F G +--------+--------+--------+--------+--------+-----+--------+ Total | 10369 | 10369 | 0 | 4326 | 1366 | 1 | 10369.0 | Dungeon | 10369 | 10369 | 0 | 4326 | 1366 | 1 | 10369.0 | +--------+--------+--------+--------+--------+-----+--------+

Top non-repeatable levels by time:
       D: 10369 daAuts
